 Dungeon Crawl Stone Soup version 0.17-a0-1646-geb1493d (webtiles) character file.

75188 matakusis the Nimble (level 15, -8/118 HPs)
             Began as a Demonspawn Gladiator on Aug 8, 2015.
             Was the Champion of Dithmenos.
             Mangled by a 19-headed hydra (10 damage)
             ... on level 7 of the Lair of Beasts on Aug 9, 2015.
             The game lasted 04:03:21 (26069 turns).

matakusis the Nimble (Demonspawn Gladiator)        Turns: 26069, Time: 04:03:24

Health: -8/118     AC: 14    Str: 20    XL:     15   Next: 9%
Magic:  13/14      EV: 22    Int: 10    God:    Dithmenos [******]
Gold:   1265       SH:  6    Dex: 18    Spells: 6 memorised, 2 levels left

rFire  + . .     SeeInvis +     W - +2 hand axe (elec)
rCold  . . .     Clarity  .     U - +4 troll leather armour
rNeg   . . .     SustAt   .     I - +1 buckler
rPois  +         Gourm    .     (helmet unavailable)
rElec  .         Spirit   .     b - +2 cloak {rPois}
rCorr  .         Warding  .     q - +0 pair of gloves
rMut   .         Stasis   .     (no boots)
MR     +....                    L - amulet of rage
Stlth  ++++++++++               w - +3 ring of dexterity
                                c - ring of Kaxt {Wiz rF+}

@: exhausted, slowed, wreathed by umbra, very slow, somewhat resistant to
hostile enchantments, uncannily stealthy
A: antennae 3, rugged brown scales 1, low mp 1, nightstalker 3, spiny 1
a: Shadow Step, Shadow Form, Renounce Religion, Evoke Berserk Rage


You were on level 7 of the Lair of Beasts.
You worshipped Dithmenos.
Dithmenos was exalted by your worship.
You were not hungry.

You visited 5 branches of the dungeon, and saw 24 of its levels.
You also visited: Labyrinth.

You collected 2729 gold pieces.
You spent 1464 gold pieces at shops.

Inventory:

Hand weapons
 W - a +2 hand axe of electrocution (weapon)
Missiles
 d - 3 throwing nets
 K - 35 tomahawks (quivered)
Armour
 b - a +2 cloak of poison resistance (worn)
 q - a +0 pair of gloves (worn)
 I - a +1 buckler (worn)
 Q - a +1 scale mail of cold resistance
 U - a +4 troll leather armour (worn)
Jewellery
 c - the ring of Kaxt (left hand) {Wiz rF+}
   (You found it on level 1 of the Orcish Mines)

   [ring of wizardry]

   It improves your spell success rate.
   It protects you from fire.
 f - an uncursed ring of ice
 h - an uncursed ring of teleportation
 l - an uncursed amulet of resist corrosion
 w - a +3 ring of dexterity (right hand)
 E - an uncursed ring of flight
 G - an uncursed amulet of warding
 L - an amulet of rage (around neck)
 O - an uncursed amulet of regeneration
Magical devices
 k - a wand of polymorph (8)
 s - a wand of slowing (18)
 y - a wand of teleportation (5)
 C - a wand of lightning (8)
 H - a wand of digging (24)
 N - a wand of confusion (29)
 P - a wand of paralysis (18)
Scrolls
 a - 9 scrolls of teleportation
 i - 17 scrolls of remove curse
 j - 3 scrolls of magic mapping
 m - 3 scrolls of fog
 x - 3 scrolls of blinking
 D - 2 scrolls of amnesia
 T - 3 scrolls of enchant weapon
Potions
 n - a potion of magic
 p - a potion of might
 t - a potion of heal wounds
 u - 5 potions of cancellation
 v - a potion of haste
 A - a potion of brilliance
 J - a potion of agility
 M - a potion of lignification
 R - a potion of curing
 S - 2 potions of ambrosia
 Z - a potion of berserk rage
Books
 g - a book of Maledictions

   Spells                             Type                      Level
   a - Corona                         Hexes                        1
   b - Ensorcelled Hibernation        Hexes/Ice                    2
   c - Confuse                        Hexes                        3
   d - Tukima's Dance                 Hexes                        3
   e - Dazzling Spray                 Conjuration/Hexes            3
 o - a book of Dreams

   Spells                             Type                      Level
   a - Ensorcelled Hibernation        Hexes/Ice                    2
   b - Phase Shift                    Translocation                5
   c - Shadow Creatures               Summoning                    5
   d - Silence                        Hexes/Air                    5
   e - Darkness                       Hexes                        6
   f - Mass Confusion                 Hexes                        6
 X - a book of Callings

   Spells                             Type                      Level
   a - Summon Small Mammal            Summoning                    1
   b - Call Imp                       Summoning                    2
   c - Call Canine Familiar           Summoning                    3
   d - Summon Guardian Golem          Hexes/Summoning              3
   e - Summon Lightning Spire         Summoning/Air                4
   f - Summon Ice Beast               Ice/Summoning                4
 Y - a book of Enchantments

   Spells                             Type                      Level
   a - Cause Fear                     Hexes                        4
   b - Silence                        Hexes/Air                    5
   c - Deflect Missiles               Charms/Air                   6
   d - Haste                          Charms                       6
   e - Discord                        Hexes                        8
Miscellaneous
 B - a box of beasts
Comestibles
 e - 11 bread rations
 r - 17 fruits
 z - 11 beef jerkies
 F - 11 meat rations


   Skills:
 + Level 10.1 Fighting
 + Level 11.4 Axes
 - Level 1.7 Throwing
 + Level 6.4 Armour
 + Level 12.9 Dodging
 - Level 5.1 Stealth
 + Level 3.3 Shields
 - Level 0.5 Spellcasting
 * Level 11.6 Hexes
 * Level 9.1 Summonings
 - Level 1.0 Translocations
 + Level 1.0 Ice Magic


You had 2 spell levels left.
You knew the following spells:

 Your Spells              Type           Power        Failure   Level  Hunger
a - Ensorcelled Hibernat  Hex/Ice        ##....       3%          2    ###....
b - Gell's Gravitas       Hex/Tloc       ##........   6%          3    ####...
c - Corona                Hex            ###....      1%          1    ##.....
d - Summon Small Mammal   Summ           ###.         1%          1    ##.....
e - Confuse               Hex            ###.....     1%          3    ####...
f - Tukima's Dance        Hex            ###.....     1%          3    ####...


Dungeon Overview and Level Annotations

Branches:
Dungeon (11/15)            Temple (1/1) D:4            Lair (7/8) D:11
  Swamp (0/4) Lair:5        Snake (0/4) Lair:5          Orc (4/4) D:10
    Elf (1/3) Orc:3
  Slime: Lair:6-8

Altars:
Ashenzari
Cheibriados
Dithmenos
Elyvilon
Fedhas
Gozag
Kikubaaqudgha
Makhleb
Nemelex Xobeh
Okawaru
Qazlal
Ru
Sif Muna
Trog
Vehumet
Xom
Yredelemnul
Zin
The Shining One
Beogh

Shops:
D:7 *   Orc:1 :   Orc:4 *?*(


Innate Abilities, Weirdness & Mutations

You have a pair of large antennae on your head (SInv).
You are partially covered in rugged brown scales (AC +1, +3% HP).
You are completely attuned to the shadows.
You are partially covered in sharp spines.
Your magical capacity is low (-10% MP).


Message History

You feel yourself slow down.
The 19-headed hydra is struck by your spines.
The 19-headed hydra barely misses you.
The 19-headed hydra bites you but does no damage.
The 19-headed hydra closely misses you. You block the 19-headed hydra's attack.
You block the 19-headed hydra's attack. The 19-headed hydra closely misses you.
The 19-headed hydra completely misses you.
The 19-headed hydra misses you. The 19-headed hydra closely misses you.
The 19-headed hydra completely misses you.
The 19-headed hydra bites you but does no damage.
The 19-headed hydra closely misses you. You block the 19-headed hydra's attack.
The 19-headed hydra misses you.
The 19-headed hydra bites you but does no damage.
The 19-headed hydra bites you!
* * * LOW HITPOINT WARNING * * *
The 19-headed hydra bites you!
* * * LOW HITPOINT WARNING * * *
The 19-headed hydra bites you but does no damage.
The 19-headed hydra bites you!
You die...

.......## .........
......... #......♣
♣........ .......
♣........ #..>..♣
♣..#.##.# ##....♣♣
♣..##.##. #...@#.♣
P♣♣♣..###.##
#....D.♣♣..P♣........
##.......♣♣♣.♣........
#PP...P...............
.P...PPP.............
##...PP...§§§....P#.P
#...###..§§§§.P###
#...#####§§§§..#
#....######§§..#


You could see a 19-headed hydra.

Vanquished Creatures
  Rupert (Lair:4)
  A minotaur (Lab)
  5 ogre magi
  7 hydras
  Fannar (Orc:2)
  4 death yaks (Lair:6)
  3 deep elf knights (Elf:1)
  An unseen horror (D:11)
  3 deep elf summoners (Elf:1)
  2 orc knights
  A deep elf conjurer (Elf:1)
  4 orc sorcerers
  23 elephants
  2 centaur zombies
  The ghost of cireshan the Thaumaturge, an experienced DECj of Sif Muna (D:7)
  2 black mambas
  Psyche (D:11)
  The ghost of Chiseanne the Magician, an experienced DsWn of Vehumet (D:6)
  16 spiny frogs
  11 komodo dragons
  2 deep elf priests (Elf:1)
  2 trolls
  Prince Ribbit (D:7)
  18 two-headed ogres
  12 blink frogs
  A boulder beetle (Lair:5)
  8 deep elf magi (Elf:1)
  Sigmund (D:6)
  A wyvern (Lair:6)
  A wraith (D:10)
  50 yaks
  A hungry ghost (D:10)
  Grum (D:10)
  4 basilisks
  23 wolves
  3 deep elf fighters
  Menkaure (D:7)
  6 hippogriffs
  19 porcupines
  4 wargs
  5 nagas (Lair:5)
  10 water moccasins
  5 sky beasts
  2 black bears
  2 necrophages
  An eye of draining (D:11)
  4 phantoms
  13 orc warriors
  55 ogres
  2 centaurs
  A big kobold (D:8)
  9 crocodiles
  16 giant frogs
  A wyvern zombie (D:11)
  3 scorpions
  3 killer bees (D:11)
  3 wights (D:9)
  An electric eel (Lair:3)
  4 crimson imps
  A wasp zombie (D:7)
  14 orc priests
  A gnoll shaman (D:7)
  Ijyb (D:2)
  A centaur skeleton (D:11)
  4 jellies
  8 worker ants
  4 giant frog skeletons
  3 hounds
  7 iguanas
  24 orc wizards
  11 sheep
  A killer bee zombie (D:10)
  A hound zombie (D:9)
  2 hound skeletons
  17 adders
  4 gnolls (D:7)
  65 river rats
  2 shadow imps
  A worker ant simulacrum (D:11)
  An ooze (D:4)
  An adder skeleton (D:9)
  A worm (D:2)
  9 giant geckos
  130 orcs
  6 giant cockroaches
  3 hobgoblins
  3 jackals (D:2)
  11 kobolds
  3 quokkas
  3 ball pythons
  19 bats
  A giant gecko zombie (D:7)
  7 giant newts
  11 goblins
  A quokka skeleton (D:4)
  15 rats
  A bush (Lair:1)
  2 butterflies (Lair:2)
  7 fungi
  4 plants
800 creatures vanquished.

Vanquished Creatures (others)
  2 two-headed ogres (Orc:4)
  2 bushes (Lair:2)
  61 fungi
  22 plants
87 creatures vanquished.

Grand Total: 887 creatures vanquished

Notes
Turn   | Place    | Note
--------------------------------------------------------------
     0 | D:1      | matakusis the Demonspawn Gladiator began the quest for the Orb.
     0 | D:1      | Reached XP level 1. HP: 16/16 MP: 1/1
   105 | D:1      | You fall through a shaft!
   108 | D:2      | Reached skill level 3 in Dodging
   108 | D:2      | Gained mutation: You are partially covered in sharp spines. [demonic ancestry]
   108 | D:2      | Reached XP level 2. HP: 19/22 MP: 2/2
   984 | D:2      | Reached XP level 3. HP: 21/28 MP: 3/3
  1582 | D:2      | Noticed Ijyb
  1591 | D:2      | Killed Ijyb
  1591 | D:2      | Reached skill level 1 in Armour
  1591 | D:2      | Reached XP level 4. HP: 34/34 MP: 4/4
  2070 | D:3      | Learned a level 2 spell: Ensorcelled Hibernation
  2214 | D:3      | Found a sacrificial altar of Ru.
  2334 | D:4      | Found a staircase to the Ecumenical Temple.
  2346 | Temple   | Entered the Ecumenical Temple
  2482 | Temple   | Became a worshipper of Dithmenos the Shadowed
  2533 | D:4      | Gained mutation: You have a pair of small antennae on your head. [demonic ancestry]
  2533 | D:4      | Reached XP level 5. HP: 28/40 MP: 5/5
  2673 | D:4      | Found a sacrificial altar of Ru.
  2689 | D:4      | Found a sparkling altar of Nemelex Xobeh.
  2697 | D:4      | Found a blossoming altar of Fedhas.
  2703 | D:4      | You fall through a shaft for 3 floors!
  2707 | D:7      | Reached skill level 1 in Hexes
  2712 | D:7      | HP: 2/40 [gnoll shaman/whip (8)]
  2918 | D:7      | Reached XP level 6. HP: 47/47 MP: 6/6
  2954 | D:7      | Noticed Menkaure
  3013 | D:6      | Reached skill level 4 in Axes
  3092 | D:6      | Gained mutation: You have a pair of antennae on your head. [demonic ancestry]
  3092 | D:6      | Reached XP level 7. HP: 30/52 MP: 7/7
  3138 | D:6      | Gained mutation: You are resistant to hostile enchantments. [mutagenic meat]
  3139 | D:6      | Gained mutation: Your mind is acute. (Int +2) [mutagenic meat]
  3214 | D:5      | Entered Level 5 of the Dungeon
  3258 | D:4      | Noticed an ogre
  3261 | D:4      | Killed an ogre
  3273 | D:4      | Noticed a phantom
  3287 | D:4      | Killed a phantom
  3420 | D:4      | Found a bloodstained altar of Trog.
  4361 | D:5      | Reached XP level 8. HP: 60/60 MP: 8/8
  4435 | D:5      | Reached skill level 5 in Axes
  4569 | D:5      | Reached skill level 5 in Dodging
  4958 | D:6      | Noticed Chiseanne's ghost (experienced DsWn)
  4968 | D:6      | Killed Chiseanne's ghost
  4980 | D:6      | Noticed Sigmund
  4984 | D:6      | Killed Sigmund
  4984 | D:6      | Reached skill level 5 in Fighting
  5213 | D:7      | Noticed Prince Ribbit
  5237 | D:7      | Noticed cireshan's ghost (experienced DECj)
  5289 | D:7      | Killed cireshan's ghost
  5289 | D:7      | Reached skill level 6 in Axes
  5289 | D:7      | Reached XP level 9. HP: 57/68 MP: 9/9
  5363 | D:7      | Reached skill level 5 in Hexes
  5605 | D:7      | Killed Menkaure
  5770 | D:7      | Found Punguozo's Assorted Antiques.
  6234 | D:7      | Noticed an ogre
  6246 | D:7      | Killed an ogre
  6325 | D:7      | Killed Prince Ribbit
  6352 | D:7      | Found a deep blue altar of Sif Muna.
  6451 | D:8      | Found a stormy altar of Qazlal.
  6791 | D:8      | Reached skill level 7 in Dodging
  6917 | D:8      | Acquired Dithmenos's first power
  7496 | D:9      | Reached skill level 1 in Ice Magic
  7584 | D:9      | Found an opulent altar of Gozag.
  7634 | D:9      | Reached XP level 10. HP: 71/75 MP: 7/10
  7662 | D:9      | Reached skill level 5 in Armour
  7762 | D:9      | Learned a level 3 spell: Gell's Gravitas
  8155 | D:10     | Entered Level 10 of the Dungeon
  8223 | D:10     | Acquired Dithmenos's second power
  8361 | D:10     | Noticed Grum
  8390 | D:10     | Reached skill level 8 in Dodging
  8403 | D:10     | Killed Grum
  8693 | D:10     | Gained mutation: Scrolls take you a little longer to read. [mutagenic meat]
  8694 | D:10     | Gained mutation: Your magical capacity is low (-10% MP). [mutagenic meat]
  8695 | D:10     | Gained mutation: You are highly resistant to hostile enchantments. [mutagenic meat]
  8696 | D:10     | Gained mutation: You have a pair of large antennae on your head (SInv). [mutagenic meat]
  9030 | D:10     | Found a staircase to the Orcish Mines.
  9165 | D:10     | Reached skill level 9 in Dodging
  9556 | D:10     | Learned a level 1 spell: Corona
  9558 | D:10     | Learned a level 1 spell: Summon Small Mammal
  9747 | Orc:1    | Entered Level 1 of the Orcish Mines
  9826 | Orc:1    | Found Gicseacs's Book Boutique.
  9889 | Orc:1    | Bought a book of Callings for 390 gold pieces
  9896 | Orc:1    | Learned a level 3 spell: Summon Guardian Golem
 10045 | Orc:2    | Acquired Dithmenos's third power
 10136 | Orc:3    | Found a staircase to the Elven Halls.
 10147 | Orc:3    | Noticed an orc knight
 10147 | Orc:3    | Gained mutation: You are slightly more attuned to the shadows. [demonic ancestry]
 10147 | Orc:3    | Reached XP level 11. HP: 81/84 MP: 10/10
 10160 | Orc:3    | Reached skill level 1 in Summonings
 10174 | Orc:3    | Killed an orc knight
 10388 | Orc:3    | Found a roughly hewn altar of Beogh.
 10606 | Orc:4    | Entered Level 4 of the Orcish Mines
 10836 | Orc:4    | Acquired Dithmenos's fourth power
 11148 | Orc:4    | Noticed an ogre mage
 11226 | Orc:4    | Reached skill level 1 in Stealth
 11227 | Orc:4    | Noticed an ogre mage
 11304 | Orc:4    | Killed an ogre mage
 11328 | Orc:4    | Noticed an ogre mage
 11338 | Orc:4    | Killed an ogre mage
 11367 | Orc:4    | Killed an ogre mage
 11367 | Orc:4    | Reached skill level 10 in Dodging
 11396 | Orc:4    | Found Ollonor's Magic Scroll Shop.
 11396 | Orc:4    | Found Xuuch's Antique Weapon Shoppe.
 11397 | Orc:4    | Found Hepp's General Store.
 11397 | Orc:4    | Found Taanielu's Assorted Antiques.
 11495 | Orc:4    | Gained mutation: You are significantly more attuned to the shadows. [demonic ancestry]
 11495 | Orc:4    | Reached XP level 12. HP: 91/91 MP: 11/11
 11504 | Orc:4    | Bought an embroidered cloak for 139 gold pieces
 11505 | Orc:4    | Bought a potion of beneficial mutation for 420 gold pieces
 11518 | Orc:4    | Gained mutation: You have large cloven feet. [potion of beneficial mutation]
 11519 | Orc:4    | Gained mutation: Your natural rate of healing is unusually fast. [potion of beneficial mutation]
 11706 | Orc:4    | Noticed an ogre mage
 11722 | Orc:4    | Killed an ogre mage
 12641 | Orc:2    | Noticed Fannar
 12683 | Orc:2    | Killed Fannar
 12862 | Orc:1    | Reached skill level 5 in Summonings
 13130 | Orc:1    | Noticed an ogre mage
 13148 | Orc:1    | Killed an ogre mage
 13167 | Orc:1    | Reached skill level 1 in Translocations
 13188 | Orc:1    | Got a bound lead ring
 13190 | Orc:1    | Identified the ring of Kaxt {Wiz rF+} (You found it on level 1 of the Orcish Mines)
 13404 | Orc:4    | Bought a potion of heal wounds for 155 gold pieces
 13405 | Orc:4    | Bought 2 potions of heal wounds for 120 gold pieces
 13405 | Orc:4    | Bought a box of beasts for 240 gold pieces
 13533 | Orc:2    | Reached skill level 5 in Stealth
 13888 | Elf:1    | Entered Level 1 of the Elven Halls
 14048 | Elf:1    | Gained mutation: You are completely attuned to the shadows. [demonic ancestry]
 14048 | Elf:1    | Reached XP level 13. HP: 55/99 MP: 12/12
 14140 | Elf:1    | Reached skill level 11 in Dodging
 14936 | D:11     | Learned a level 3 spell: Tukima's Dance
 15046 | D:11     | Noticed Psyche
 15055 | D:11     | Killed Psyche
 15068 | D:11     | Found a staircase to the Lair.
 15082 | D:11     | Identified a scroll of acquirement
 16033 | D:11     | Reached skill level 1 in Shields
 16033 | D:11     | Reached skill level 10 in Hexes
 16170 | D:11     | Lost mutation: Your mind is acute. (Int +2) [mutagenic meat]
 16171 | D:11     | Gained mutation: You are somewhat resistant to further mutation. [mutagenic meat]
 16205 | Lair:1   | Entered Level 1 of the Lair of Beasts
 16286 | Lair:1   | You fall through a shaft!
 16352 | Lair:1   | Got a jewelled great sword
 16358 | Lair:1   | Identified the cursed +2 great sword "Lefo" {speed, rN+} (You found it on level 1 of the Lair of Beasts)
 16527 | Lair:1   | Reached skill level 10 in Axes
 17066 | Lair:1   | Learned a level 3 spell: Confuse
 18459 | Lair:2   | Mutation became permanent: You have a pair of large antennae on your head (SInv). [demonic ancestry]
 18459 | Lair:2   | Reached XP level 14. HP: 82/108 MP: 13/13
 18652 | Lair:2   | Reached skill level 12 in Dodging
 19647 | Lair:3   | Upgraded the game from 0.17-a0-1642-gd4b747b to 0.17-a0-1646-geb1493d
 20734 | Lair:4   | Noticed Rupert
 20750 | Lair:4   | Killed Rupert
 21320 | Lair:4   | Lost mutation: Scrolls take you a little longer to read. [potion of cure mutation]
 21320 | Lair:4   | Lost mutation: You are somewhat resistant to further mutation. [potion of cure mutation]
 21320 | Lair:4   | Lost mutation: Your natural rate of healing is unusually fast. [potion of cure mutation]
 21320 | Lair:4   | Lost mutation: You are highly resistant to hostile enchantments. [potion of cure mutation]
 21320 | Lair:4   | Lost mutation: You are resistant to hostile enchantments. [potion of cure mutation]
 21320 | Lair:4   | Lost mutation: You have large cloven feet. [potion of cure mutation]
 22001 | Lair:5   | Found a labyrinth entrance.
 22019 | Lab      | Entered a labyrinth
 22546 | Lab      | Identified the Tome of Transmutation (You found it in a labyrinth)
 23135 | Lair:5   | Found a staircase to the Snake Pit.
 23168 | Lair:5   | Found a staircase to the Swamp.
 24299 | Lair:6   | Reached skill level 10 in Fighting
 24785 | Lair:6   | Gained mutation: You are partially covered in rugged brown scales (AC +1, +3% HP). [demonic ancestry]
 24785 | Lair:6   | Reached XP level 15. HP: 109/118 MP: 14/14
 26069 | Lair:7   | HP: 2/118 [19-headed hydra (8)]
 26069 | Lair:7   | Mangled by a 19-headed hydra

Vault maps used:
D:1:      sevenhm_arrival_forest_fort_large_3, supply_closet_lemuel,
          corner_web_ring, roderic_lattice_a
D:2:      kennysheep_goblin_castle
D:3:      hangedman_ru_absence
D:4:      nicolae_overflow_quartered_altars, minmay_temple_entry_glassed_door
D:5:      first_bread
D:6:      uniq_sigmund
D:7:      lemuel_blue_sif_altar, serial_shops, shop, grunt_ogre_cave,
          grunt_ministairs_6, uniq_menkaure, uniq_prince_ribbit1
D:8:      grunt_qazlal_sundering
D:9:      kennysheep_mini_moat
D:10:     david_orc_3, minmay_lizard_king, uniq_grum
D:11:     grunt_lair_entry_elf_guard_hut, minmay_item_behind_shaft,
          hangedman_weighted_door, uniq_psyche
Temple:   circular_temple_pool_12
Lair:1:   serial_forest, infiniplex_forest_clump_curved,
          infiniplex_forest_side_room, infiniplex_forest_fountain,
          infiniplex_forest_lined_ring, infiniplex_forest_end_2,
          infiniplex_forest_corner_1, infiniplex_forest_lined_room_,
          infiniplex_forest_end_2, beast_lair_carwin_3,
          infiniplex_staircase_pool
Lair:2:   mu_elephants_graveyard, beast_lair_carwin_5, lemuel_fruit_fields
Lair:3:   nicolae_quartered_pool_medium, beast_lair_carwin_8
Lair:4:   uniq_rupert
Lair:5:   swamp_mist_pool, minmay_snake_entry_guardpost_medium,
          lab_entry_generic, st_stairs_13, minivault_24
Lair:6:   beast_lair_carwin_large_3
Lair:7:   serial_forest, infiniplex_forest_lined_ring, infiniplex_forest_end_1,
          infiniplex_forest_end_double, infiniplex_forest_clump_curved,
          infiniplex_forest_zigzag_2, infiniplex_forest_clump_diagonal,
          infiniplex_forest_clump_medium, infiniplex_forest_clump_double,
          minmay_holes
Orc:1:    lemuel_ogre_cave, serial_shops, shop_statue
Orc:2:    uniq_fannar
Orc:3:    basic_altar, nicolae_orc_pool_cavern
Orc:4:    st_orc_ogre_mass
Elf:1:    hangedman_elven_crosses_minicolossus

Action                   |  1- 3 |  4- 6 |  7- 9 | 10-12 | 13-15 || total
-------------------------+-------+-------+-------+-------+-------++-------
Melee: War axe           |    65 |    58 |    83 |       |       ||   206
       Hand axe          |       |       |   204 |   815 |  1160 ||  2179
       Lajatang          |       |       |       |       |    13 ||    13
       Bardiche          |       |       |       |       |     6 ||     6
Throw: Throwing net      |       |       |     1 |     2 |       ||     3
       Tomahawk          |       |       |       |    27 |     5 ||    32
 Cast: Ensorcelled Hiber |       |       |     2 |       |       ||     2
       Summon Guardian G |       |       |       |     7 |       ||     7
       Gell's Gravitas   |       |       |       |     5 |     1 ||     6
       Corona            |       |       |       |     3 |     1 ||     4
       Confuse           |       |       |       |       |     2 ||     2
       Tukima's Dance    |       |       |       |       |     2 ||     2
 Abil: Evoke Flight      |       |       |       |     1 |       ||     1
       Evoke Berserk Rag |       |       |       |       |     9 ||     9
Evoke: Wand              |       |       |       |     4 |     1 ||     5
  Use: Scroll            |       |    13 |    18 |     8 |    15 ||    54
       Potion            |       |     3 |    12 |    11 |    12 ||    38
 Stab: Sleeping          |       |     2 |     1 |    16 |   107 ||   126
       Distracted        |       |     1 |       |     6 |    14 ||    21
  Eat: Chunk             |     2 |     4 |     5 |    30 |    31 ||    72
       Bread ration      |       |     1 |     1 |       |     3 ||     5
       Meat ration       |       |       |     1 |       |       ||     1
       Royal jelly       |       |       |     1 |       |       ||     1
       Fruit             |       |       |       |     1 |    11 ||    12
       Pizza             |       |       |       |       |     1 ||     1
